Description

(THIS BUILD IS NO LONGER VIABLE AFTER THE DECEMBER 18 UPDATE) This build prioritizes an extremely fast disruptor harass starting a robo before nexus. Getting warp prism speed as you arrive with your first disruptor at the enemy base will allow you to keep harassing the terran player, giving you a full scout as well as catching up with or possibly crippling your opponent. The only viable follow up is colossus as anything else will set you far behind. You have the tech so use it!

Replay - Catalyst LE

Build Order

Get SALT Encoding   

  12  0:00  Probe  
  13  0:12  Probe  
  14  0:18  Pylon  
  14  0:25  Probe (Chrono Boost)  
  15  0:37  Probe (Chrono Boost)  
  15  0:38  Gateway  Send your probe to scout after gateway
  17  0:45  Probe (Chrono Boost)  
  17  0:48  Assimilator  
  17  0:51  Probe  
  18  1:03  Probe (Chrono Boost)  
  19  1:06  Assimilator  
  19  1:15  Probe x2 (Chrono Boost)  
  21  1:20  Pylon  
  21  1:29  Probe  
  21  1:31  Cybernetics Core  
  23  2:08  Robotics Facility  Throw this down as soon as you can
  23  2:10  Warp Gate  
  23  2:11  Stalker  
  25  2:26  Pylon  Place in front of natural expansion
  25  2:30  Nexus  
  25  2:41  Stalker  
  27  2:55  Robotics Bay  
  27  3:03  Warp Prism  
  30  3:14  Stalker  
  32  3:21  Shield Battery  This is needed for defense while your prism and disruptor are across the map. Put it in front of your natural
  32  3:28  Pylon  
  33  3:42  Disruptor (Chrono Boost)  
  37  3:49  Gravitic Drive  You need to get this right away so it is completed as your warp prism enters the enemy base
  41  4:18  Assimilator  
  41  4:24  Colossus (Chrono Boost)  
  47  4:34  Stalker  
  51  4:39  Gateway  
  54  5:00  Assimilator  
  54  5:01  Gateway  
  55  5:13  Colossus (Chrono Boost)  
  62  5:43  Pylon  
  62  5:46  Extended Thermal Lance  
  62  5:49  Forge  
  64  6:11  Colossus (Chrono Boost)  
  64  6:14  Stalker x2  
  76  6:19  Protoss Ground Weapons Level 1 (Chrono Boost)  
  78  6:43  Nexus  
  80  6:54  Colossus (Chrono Boost)  
  86  7:03  Shield Battery  
  88  7:16  Stalker x3  
  88  7:21  Twilight Council  
  94  7:26  Gateway x2  
  94  7:34  Shield Battery x2  
  94  7:40  Stalker  
Spawning Tool Build Advisor. Get it on Overwolf

Analysis

Make sure to use the disruptor to stop any pushes the terran might be making. It is very easy to take chunks out of groups of marines or hit a cyclone or two while they are moving across the map, especially against worse opponents. Make sure to follow up properly depending on what your opponent is doing, use the warp prism to scout in between shots.

Go to:

Details

  • Created by: Geeram
  • Published on: Dec 05, 2017
  • Modified on: Dec 19, 2017
  • Patch: 4.0.0
Show
View Real Time Build Order
Export as new Build Order

Comments (0)

There are no comments. Be the first!

Create an account to comment!